MID
DELMARVA SHOREBIRDS @ KANNAPOLIS INTIMIDATORS
06/25/2048
 
TOP OF THE 1ST
Delmarva Shorebirds batting - Pitching for Kannapolis Intimidators : LHP Shane Stratton
Pitching: LHP Shane Stratton
Batting: RHB Josh Hopp 0-0: Ball
1-0: Ball
2-0: SINGLE (Groundball, 56D, EV 103.8 MPH)
Batting: RHB Francisco Viera 0-0: Ball
1-0: Swinging Strike
1-1: Swinging Strike
1-2: Grounds into double play, 5-4-3 (Groundball, 56, EV 88.8 MPH)
Batting: RHB Luke Vaccarino 0-0: Ball
1-0: Ball
2-0: Ball
3-0: Base on Balls
Batting: RHB Daniel Jackson 0-0: Ball
1-0: Called Strike
1-1: Called Strike
Pickoff Throw to First - Out! 1-3
Top of the 1st over - 0 runs, 1 hit, 0 errors, 0 left on base; Delmarva 0 - Kannapolis 0
BOTTOM OF THE 1ST
Kannapolis Intimidators batting - Pitching for Delmarva Shorebirds : LHP Luis Perez
Pitching: LHP Luis Perez
Batting: RHB Sean Peake 0-0: Ground out 4-3 (Groundball, 4, EV 98.8 MPH)
Batting: RHB Mike Warzecha 0-0: Foul Ball, location: 2F
0-1: Ball
1-1: Ball
2-1: Ball
3-1: Fly out, F2 (Popup, 2LF, EV 91.2 MPH)
Batting: RHB Duncan Collins 0-0: Called Strike
0-1: Foul Ball, location: 2F
0-2: Ball
1-2: Strikes out looking
Bottom of the 1st over - 0 runs, 0 hits, 0 errors, 0 left on base; Delmarva 0 - Kannapolis 0
TOP OF THE 2ND
Delmarva Shorebirds batting - Pitching for Kannapolis Intimidators : LHP Shane Stratton
Batting: RHB Daniel Jackson 0-0: Ball
1-0: Foul Ball, location: 2F
1-1: Called Strike
1-2: Ball
2-2: Strikes out swinging
Batting: RHB Ethan Finke 0-0: Called Strike
0-1: Ball
1-1: Foul Ball, location: 2F
1-2: Ball
2-2: Ball
3-2: Fly out, F8 (Flyball, 8LD, EV 93.1 MPH)
Batting: RHB Mike Pitts 0-0: Ball
1-0: Foul Ball, location: 2F
1-1: Ball
2-1: Swinging Strike
2-2: Foul Ball, location: 2F
2-2: DOUBLE (Flyball, 8LXD, EV 107.5 MPH)
Batting: RHB Mike Zepeda 0-0: Swinging Strike
0-1: Ball
1-1: Swinging Strike
1-2: Strikes out swinging
Top of the 2nd over - 0 runs, 1 hit, 0 errors, 1 left on base; Delmarva 0 - Kannapolis 0
BOTTOM OF THE 2ND
Kannapolis Intimidators batting - Pitching for Delmarva Shorebirds : LHP Luis Perez
Batting: RHB Luwen Storm 0-0: Foul Ball, location: 2F
0-1: Ball
1-1: Foul Ball, location: 2F
1-2: Ground out 1-3 (Groundball, 13, EV 69.4 MPH)
Batting: RHB Nick Kleckner 0-0: Ball
1-0: Called Strike
1-1: Swinging Strike
1-2: Strikes out swinging
Batting: RHB Armando Vazquez 0-0: Ball
1-0: Swinging Strike
1-1: Ground out 5-3 (Groundball, 56S, EV 82.5 MPH)
Bottom of the 2nd over - 0 runs, 0 hits, 0 errors, 0 left on base; Delmarva 0 - Kannapolis 0
TOP OF THE 3RD
Delmarva Shorebirds batting - Pitching for Kannapolis Intimidators : LHP Shane Stratton
Batting: LHB Eric Jackson 0-0: Ball
1-0: Foul Ball, location: 2F
1-1: Swinging Strike
1-2: Foul Ball, location: 2F
1-2: Ground out U3 (Groundball, 3L, EV 101.9 MPH)
Batting: RHB Ismael Macedo 0-0: Ball
1-0: Ball
2-0: Foul Ball, location: 2F
2-1: Ball
3-1: Base on Balls
Batting: RHB Josh Hopp 0-0: Foul Ball, location: 2F
0-1: Foul Ball, location: 2F
0-2: Ball
1-2: Ball
2-2: Foul Ball, location: 2F
2-2: Foul Ball, location: 2F
2-2: Strikes out swinging
Ismael Macedo is caught stealing 2nd base 2-4
Batter strikes out.
Top of the 3rd over - 0 runs, 0 hits, 0 errors, 0 left on base; Delmarva 0 - Kannapolis 0
BOTTOM OF THE 3RD
Kannapolis Intimidators batting - Pitching for Delmarva Shorebirds : LHP Luis Perez
Batting: SHB Jose Castillo 0-0: Ball
1-0: Ball
2-0: Called Strike
2-1: Ball
3-1: Foul Ball, location: 2F
3-2: Foul Ball, location: 2F
3-2: Foul Ball, location: 2F
3-2: SINGLE (Groundball, 6MD, EV 98.1 MPH)
Batting: RHB Jose Marquez 0-0: Called Strike
0-1: Ball
1-1: Ball
2-1: Ball
3-1: Grounds into double play, 5-4-3 (Groundball, 56, EV 85.0 MPH)
Batting: RHB Jerry Edmiston 0-0: Ball
1-0: Swinging Strike
1-1: Foul Ball, location: 2F
1-2: Ball
2-2: Ball
3-2: Strikes out looking
Bottom of the 3rd over - 0 runs, 1 hit, 0 errors, 0 left on base; Delmarva 0 - Kannapolis 0
TOP OF THE 4TH
Delmarva Shorebirds batting - Pitching for Kannapolis Intimidators : LHP Shane Stratton
Batting: RHB Francisco Viera 0-0: Called Strike
0-1: SINGLE (Groundball, 6S, EV 62.5 MPH) (infield hit)
Batting: RHB Luke Vaccarino 0-0: Fly out, F4 (Line Drive, 4M, EV 65.0 MPH)
Batting: RHB Daniel Jackson 0-0: Called Strike
Francisco Viera steals 2nd base
0-1: Ground out 4-3 (Groundball, 34, EV 100.6 MPH)
Francisco Viera to third
Batting: RHB Ethan Finke 0-0: Foul Ball, location: 2F
0-1: Foul Ball, location: 2F
0-2: Ball
1-2: Ball
2-2: Ball
3-2: Foul Ball, location: 2F
3-2: Foul Ball, location: 2F
3-2: Base on Balls
Batting: RHB Mike Pitts 0-0: Swinging Strike
0-1: Swinging Strike
0-2: Fielders Choice at 2nd, 6-4 (Groundball, 6, EV 102.5 MPH)
Top of the 4th over - 0 runs, 1 hit, 0 errors, 2 left on base; Delmarva 0 - Kannapolis 0
BOTTOM OF THE 4TH
Kannapolis Intimidators batting - Pitching for Delmarva Shorebirds : LHP Luis Perez
Batting: RHB Sean Peake 0-0: Called Strike
0-1: Ball
1-1: Called Strike
1-2: Strikes out swinging
Batting: RHB Mike Warzecha 0-0: Ball
1-0: Ball
2-0: Foul Ball, location: 2F
2-1: Foul Ball, location: 2F
2-2: Ground out 6-3 (Groundball, 6, EV 108.8 MPH)
Batting: RHB Duncan Collins 0-0: Ball
1-0: Foul Ball, location: 2F
1-1: Ball
2-1: Reached on error, E6 (Groundball, 6, EV 101.9 MPH)
Batting: RHB Luwen Storm 0-0: Called Strike
0-1: Swinging Strike
0-2: Strikes out looking
Bottom of the 4th over - 0 runs, 0 hits, 1 error, 1 left on base; Delmarva 0 - Kannapolis 0
TOP OF THE 5TH
Delmarva Shorebirds batting - Pitching for Kannapolis Intimidators : LHP Shane Stratton
Batting: RHB Mike Zepeda 0-0: Called Strike
0-1: Ball
1-1: Ball
2-1: Foul Ball, location: 2F
2-2: Strikes out swinging
Batting: LHB Eric Jackson 0-0: Called Strike
0-1: SINGLE (Groundball, 4D, EV 100.0 MPH)
Batting: RHB Ismael Macedo 0-0: Ball
1-0: Called Strike
1-1: Swinging Strike
1-2: Foul Ball, location: 2F
1-2: Strikes out swinging
Batting: RHB Josh Hopp 0-0: Called Strike
0-1: Ball
1-1: Swinging Strike
1-2: Ball
Eric Jackson is caught stealing 2nd base 2-4
Top of the 5th over - 0 runs, 1 hit, 0 errors, 0 left on base; Delmarva 0 - Kannapolis 0
BOTTOM OF THE 5TH
Kannapolis Intimidators batting - Pitching for Delmarva Shorebirds : LHP Luis Perez
Batting: RHB Nick Kleckner 0-0: Ball
1-0: Foul Ball, location: 2F
1-1: Fly out, F3 (Popup, 3, EV 65.0 MPH)
Batting: RHB Armando Vazquez 0-0: Ball
1-0: Called Strike
1-1: Ball
2-1: Ball
3-1: Fly out, F9 (Line Drive, 9S, EV 88.1 MPH)
Batting: SHB Jose Castillo 0-0: Ball
1-0: Foul Ball, location: 2F
1-1: Ball
2-1: Foul Ball, location: 2F
2-2: Fly out, F7 (Flyball, 7S, EV 91.2 MPH)
Bottom of the 5th over - 0 runs, 0 hits, 0 errors, 0 left on base; Delmarva 0 - Kannapolis 0
TOP OF THE 6TH
Delmarva Shorebirds batting - Pitching for Kannapolis Intimidators : LHP Shane Stratton
Pitching: LHP Eric Larsen
Batting: RHB Josh Hopp 0-0: Called Strike
0-1: Foul Ball, location: 2F
0-2: Ball
1-2: Ball
2-2: Strikes out looking
Batting: RHB Francisco Viera 0-0: Ball
1-0: SINGLE (Line Drive, 6MD, EV 96.2 MPH)
Batting: RHB Luke Vaccarino 0-0: Called Strike
0-1: Ball
1-1: Ball
2-1: SINGLE (Groundball, 6MD, EV 95.6 MPH)
Francisco Viera to second
Batting: RHB Daniel Jackson 0-0: Fly out, F7 (Flyball, 7D, EV 98.1 MPH)
Runner from 2nd tags up, SAFE at 3rd, no throw by LF
Batting: RHB Ethan Finke 0-0: Ball
1-0: Ball
2-0: Ball
3-0: Called Strike
3-1: Swinging Strike
3-2: SINGLE (Groundball, 34, EV 107.5 MPH)
Francisco Viera scores
Luke Vaccarino to second
Luke Vaccarino to third
Batting: RHB Mike Pitts 0-0: Called Strike
0-1: Foul Ball, location: 2F
0-2: Strikes out swinging
Top of the 6th over - 1 run, 3 hits, 0 errors, 2 left on base; Delmarva 1 - Kannapolis 0
BOTTOM OF THE 6TH
Kannapolis Intimidators batting - Pitching for Delmarva Shorebirds : LHP Luis Perez
Batting: RHB Jose Marquez 0-0: Swinging Strike
0-1: Ball
1-1: Ball
2-1: Ball
3-1: Called Strike
3-2: Foul Ball, location: 2F
3-2: Strikes out swinging
Batting: RHB Jerry Edmiston 0-0: Ball
1-0: Ground out 6-3 (Groundball, 6, EV 106.9 MPH)
Batting: RHB Sean Peake 0-0: Ball
1-0: Foul Ball, location: 2F
1-1: Ball
2-1: Called Strike
2-2: Ball
3-2: Foul Ball, location: 2F
3-2: Strikes out swinging
Bottom of the 6th over - 0 runs, 0 hits, 0 errors, 0 left on base; Delmarva 1 - Kannapolis 0
TOP OF THE 7TH
Delmarva Shorebirds batting - Pitching for Kannapolis Intimidators : LHP Eric Larsen
Batting: RHB Mike Zepeda 0-0: Ball
1-0: Foul Ball, location: 2F
1-1: Ground out 4-3 (Groundball, 4, EV 106.2 MPH)
Batting: LHB Eric Jackson 0-0: Ball
1-0: Ball
2-0: Swinging Strike
2-1: Ground out 6-3 (Groundball, 6, EV 91.2 MPH)
Batting: RHB Ismael Macedo 0-0: Foul Ball, location: 2F
0-1: SINGLE (Groundball, 56, EV 101.2 MPH)
Batting: RHB Josh Hopp 0-0: Ball
1-0: Fly out, F8 (Line Drive, 89D, EV 92.5 MPH)
Top of the 7th over - 0 runs, 1 hit, 0 errors, 1 left on base; Delmarva 1 - Kannapolis 0
BOTTOM OF THE 7TH
Kannapolis Intimidators batting - Pitching for Delmarva Shorebirds : LHP Luis Perez
Now at 1B: Matt O'Dea
Batting: RHB Mike Warzecha 0-0: Called Strike
0-1: Ball
1-1: SOLO HOME RUN (Flyball, 7D, EV 96.9 MPH), Distance : 372 ft
Batting: RHB Duncan Collins 0-0: Foul Ball, location: 2F
0-1: Ball
1-1: Ground out 6-3 (Groundball, 6MD, EV 80.6 MPH)
Batting: RHB Luwen Storm 0-0: Called Strike
0-1: Called Strike
0-2: Foul Ball, location: 2F
0-2: Foul Ball, location: 2F
0-2: Ball
1-2: Ball
2-2: Ball
3-2: Strikes out swinging
Batting: RHB Nick Kleckner 0-0: Foul Ball, location: 2F
0-1: Ball
1-1: Ball
2-1: Swinging Strike
2-2: Foul Ball, location: 2F
2-2: Strikes out looking
Bottom of the 7th over - 1 run, 1 hit, 0 errors, 0 left on base; Delmarva 1 - Kannapolis 1
TOP OF THE 8TH
Delmarva Shorebirds batting - Pitching for Kannapolis Intimidators : LHP Eric Larsen
Pitching: RHP Nate Myers
Batting: RHB Francisco Viera 0-0: Ball
1-0: Called Strike
1-1: Called Strike
1-2: Fly out, F9 (Flyball, 9D, EV 106.2 MPH)
Batting: RHB Luke Vaccarino 0-0: Ball
1-0: Swinging Strike
1-1: Ball
2-1: Swinging Strike
2-2: Foul Ball, location: 2F
2-2: Strikes out swinging
Batting: RHB Daniel Jackson 0-0: Called Strike
0-1: Ball
1-1: Ball
2-1: Foul Ball, location: 2F
2-2: SINGLE (Groundball, 4MD, EV 103.8 MPH)
Batting: RHB Ethan Finke 0-0: Called Strike
0-1: Called Strike
0-2: Foul Ball, location: 2F
0-2: Ball
1-2: Strikes out swinging
Top of the 8th over - 0 runs, 1 hit, 0 errors, 1 left on base; Delmarva 1 - Kannapolis 1
BOTTOM OF THE 8TH
Kannapolis Intimidators batting - Pitching for Delmarva Shorebirds : LHP Luis Perez
Pitching: RHP Harley Hyde
Pinch Hitting: LHB Herkko Haavikko 0-0: Called Strike
0-1: Swinging Strike
0-2: Ball
1-2: Ball
2-2: Foul Ball, location: 2F
2-2: SINGLE (Groundball, 34D, EV 102.5 MPH)
Pinch Runner at 1st Dunlang Clark:
Batting: SHB Jose Castillo 0-0: Ball
Dunlang Clark steals 2nd base (no throw)
1-0: Intentional Walk
Pinch Hitting: RHB Mark Jones 0-0: Ball
Passed Ball!
Dunlang Clark to third
Jose Castillo to second
1-0: Intentional Walk
Pinch Hitting: LHB James Groshong 0-0: Ball
1-0: Foul Ball, location: 2F
1-1: Ball
2-1: Foul Ball, location: 2F
2-2: GRAND SLAM HOME RUN (Flyball, 89XD, EV 100.0 MPH), Distance : 397 ft
Pitching: RHP Jon Grason
Batting: RHB Sean Peake 0-0: Foul Ball, location: 2F
0-1: Ball
1-1: Swinging Strike
1-2: Foul Ball, location: 2F
1-2: Ball
2-2: Ground out 1-3 (Groundball, 15S, EV 63.8 MPH)
Batting: RHB Mike Warzecha 0-0: Ball
1-0: Called Strike
1-1: Fly out, F9 (Flyball, 89S, EV 86.9 MPH)
Batting: RHB Duncan Collins 0-0: Called Strike
0-1: Swinging Strike
0-2: Ball
1-2: Ground out 5-3 (Groundball, 56S, EV 83.8 MPH)
Bottom of the 8th over - 4 runs, 2 hits, 0 errors, 0 left on base; Delmarva 1 - Kannapolis 5
TOP OF THE 9TH
Delmarva Shorebirds batting - Pitching for Kannapolis Intimidators : RHP Nate Myers
Pitching: RHP Dicky Goedhart
Now at C: Dunlang Clark
Now at 2B: Mike Warzecha
Now at SS: Mark Jones
Now in RF: Vinny Siebecker
Batting: RHB Mike Pitts 0-0: Called Strike
0-1: Ball
1-1: Ground out 5-3 (Groundball, 56, EV 93.1 MPH)
Batting: RHB Matt O'Dea 0-0: Ball
1-0: Foul Ball, location: 2F
1-1: Ball
2-1: Ball
3-1: Base on Balls
Batting: LHB Eric Jackson 0-0: Ball
1-0: Called Strike
1-1: Ball
2-1: Foul Ball, location: 2F
2-2: Strikes out looking
Batting: RHB Ismael Macedo 0-0: Ball
1-0: Swinging Strike
1-1: Swinging Strike
1-2: Ball
2-2: Foul Ball, location: 2F
2-2: Foul Ball, location: 2F
2-2: Ball
3-2: Base on Balls
Matt O'Dea to second
Pitching: RHP Chris Worster
Batting: RHB Josh Hopp 0-0: Ball
1-0: DOUBLE (Flyball, 7LD, EV 104.4 MPH)
Matt O'Dea scores
Ismael Macedo to third
Batting: RHB Francisco Viera 0-0: Ball
1-0: Ball
2-0: Called Strike
2-1: Ball
3-1: Base on Balls
Batting: RHB Luke Vaccarino 0-0: Foul Ball, location: 2F
0-1: TRIPLE (Groundball, 3L, EV 103.1 MPH)
Ismael Macedo scores
Josh Hopp scores
Francisco Viera scores
Batting: RHB Daniel Jackson 0-0: Called Strike
0-1: Ball
1-1: Called Strike
1-2: Foul Ball, location: 2F
1-2: Ball
2-2: Ball
3-2: Ground out 6-3 (Groundball, 6, EV 94.4 MPH)
Top of the 9th over - 4 runs, 2 hits, 0 errors, 1 left on base; Delmarva 5 - Kannapolis 5
BOTTOM OF THE 9TH
Kannapolis Intimidators batting - Pitching for Delmarva Shorebirds : RHP Jon Grason
Batting: RHB Luwen Storm 0-0: Ball
1-0: Swinging Strike
1-1: Swinging Strike
1-2: Ground out 5-3 (Groundball, 56, EV 108.1 MPH)
Pinch Hitting: SHB Ethan Villalobos 0-0: Ball
1-0: Called Strike
1-1: Ball
2-1: Fly out, F6 (Popup, 6MD, EV 66.2 MPH)
Batting: RHB Dunlang Clark 0-0: Ball
1-0: Ground out 4-3 (Groundball, 4M, EV 80.0 MPH)
Bottom of the 9th over - 0 runs, 0 hits, 0 errors, 0 left on base; Delmarva 5 - Kannapolis 5
TOP OF THE 10TH
Delmarva Shorebirds batting - Pitching for Kannapolis Intimidators : RHP Chris Worster
Pitching: LHP Travis Sergo
Now at 1B: Ethan Villalobos
Now at 3B: Luwen Storm
Batting: RHB Ethan Finke 0-0: Swinging Strike
0-1: Foul Ball, location: 2F
0-2: Ball
1-2: Ball
2-2: Ground out 4-3 (Groundball, 4, EV 86.2 MPH)
Batting: RHB Mike Pitts 0-0: Called Strike
0-1: Swinging Strike
0-2: Ball
1-2: Ball
2-2: Ball
3-2: Base on Balls
Batting: RHB Matt O'Dea 0-0: Ball
1-0: Foul Ball, location: 2F
1-1: Foul Ball, location: 2F
1-2: Foul Ball, location: 2F
1-2: Ball
2-2: Ball
3-2: Base on Balls
Mike Pitts to second
Pinch Hitting: RHB Wes Reynolds 0-0: Swinging Strike
0-1: Ball
1-1: Fly out, F7 (Flyball, 78S, EV 82.5 MPH)
Batting: RHB Ismael Macedo 0-0: SINGLE (Groundball, 56D, EV 98.8 MPH)
Mike Pitts to third
Matt O'Dea to second
Runner from 3rd tries for Home, throw by LF and OUT! 7-2
Top of the 10th over - 0 runs, 1 hit, 0 errors, 2 left on base; Delmarva 5 - Kannapolis 5
BOTTOM OF THE 10TH
Kannapolis Intimidators batting - Pitching for Delmarva Shorebirds : RHP Jon Grason
Pitching: RHP Manny Rolfe
Now in CF: Ralph Braine
Batting: SHB Jose Castillo 0-0: Called Strike
0-1: Ball
1-1: Foul Ball, location: 2F
1-2: Ball
2-2: Ground out 6-3 (Groundball, 6, EV 98.1 MPH)
Batting: RHB Mark Jones 0-0: Ball
1-0: Ball
2-0: Ground out U3 (Groundball, 34S, EV 90.0 MPH)
Batting: LHB Vinny Siebecker 0-0: Ground out 4-3 (Groundball, 13, EV 78.1 MPH)
Bottom of the 10th over - 0 runs, 0 hits, 0 errors, 0 left on base; Delmarva 5 - Kannapolis 5
TOP OF THE 11TH
Delmarva Shorebirds batting - Pitching for Kannapolis Intimidators : LHP Travis Sergo
Batting: RHB Josh Hopp 0-0: Ball
1-0: Foul Ball, location: 2F
1-1: Fly out, F5 (Popup, 5SF, EV 85.0 MPH)
Batting: RHB Francisco Viera 0-0: Called Strike
0-1: Ball
1-1: Ground out 4-3 (Groundball, 34, EV 109.4 MPH)
Batting: RHB Luke Vaccarino 0-0: Called Strike
0-1: Ball
1-1: Foul Ball, location: 2F
1-2: Ball
2-2: Strikes out swinging
Top of the 11th over - 0 runs, 0 hits, 0 errors, 0 left on base; Delmarva 5 - Kannapolis 5
BOTTOM OF THE 11TH
Kannapolis Intimidators batting - Pitching for Delmarva Shorebirds : RHP Manny Rolfe
Batting: RHB Sean Peake 0-0: Ground out 5-3 (Groundball, 56S, EV 90.6 MPH)
Batting: RHB Mike Warzecha 0-0: Ball
1-0: Called Strike
1-1: Ball
2-1: Foul Ball, location: 2F
2-2: Ball
3-2: Strikes out swinging
Batting: RHB Duncan Collins 0-0: Foul Ball, location: 2F
0-1: Ground out 5-3 (Groundball, 56, EV 109.4 MPH)
Bottom of the 11th over - 0 runs, 0 hits, 0 errors, 0 left on base; Delmarva 5 - Kannapolis 5
TOP OF THE 12TH
Delmarva Shorebirds batting - Pitching for Kannapolis Intimidators : LHP Travis Sergo
Batting: RHB Daniel Jackson 0-0: Foul Ball, location: 2F
0-1: Swinging Strike
0-2: Strikes out swinging
Batting: RHB Ethan Finke 0-0: Fly out, F9 (Flyball, 9, EV 81.2 MPH)
Batting: RHB Mike Pitts 0-0: Ball
1-0: Foul Ball, location: 2F
1-1: Called Strike
1-2: Foul Ball, location: 2F
1-2: Foul Ball, location: 2F
1-2: Strikes out swinging wild pitch, reaches first!
Batting: RHB Matt O'Dea 0-0: Foul Ball, location: 2F
0-1: DOUBLE (Line Drive, 9LS, EV 111.9 MPH)
Mike Pitts to third
Runner from 3rd tries for Home, SAFE, no throw by RF
Pinch Hitting: RHB Tony Godley 0-0: Ball
1-0: SINGLE (Groundball, 56, EV 105.0 MPH)
Matt O'Dea to third
Runner from 3rd tries for Home, SAFE, throw by LF to home
Batting: RHB Ismael Macedo 0-0: Ball
Tony Godley is caught stealing 2nd base 2-4
Top of the 12th over - 2 runs, 2 hits, 0 errors, 0 left on base; Delmarva 7 - Kannapolis 5
BOTTOM OF THE 12TH
Kannapolis Intimidators batting - Pitching for Delmarva Shorebirds : RHP Manny Rolfe
Now in LF: Josh Hopp
Now in CF: Tony Godley
Now in RF: Matthew Neal
Batting: RHB Luwen Storm 0-0: Called Strike
0-1: Ball
1-1: Fly out, F8 (Flyball, 8RM, EV 88.1 MPH)
Batting: SHB Ethan Villalobos 0-0: Ball
1-0: Called Strike
1-1: Ball
2-1: Foul Ball, location: 2F
2-2: Strikes out swinging
Batting: RHB Dunlang Clark 0-0: Called Strike
0-1: Foul Ball, location: 2F
0-2: Ball
1-2: Ball
2-2: Foul Ball, location: 2F
2-2: Ground out 4-3 (Groundball, 34, EV 82.5 MPH)
Bottom of the 12th over - 0 runs, 0 hits, 0 errors, 0 left on base; Delmarva 7 - Kannapolis 5
Tuesday, March 28th , 2023 - OOTP Baseball 23.10 Build 110